 Dungeon Crawl Stone Soup version 0.19-a0-1019-g9c6a58d (webtiles) character file.

55999 Ijustatesigmund the Impassioned (level 14, -10/126 HPs)
             Began as a Demonspawn Fighter on July 24, 2016.
             Was a High Priest of Uskayaw.
             Mangled by a phantasmal warrior (12 damage)
             ... led by a death knight
             ... on level 13 of the Dungeon on July 25, 2016.
             The game lasted 01:08:24 (23431 turns).

Ijustatesigmund the Impassioned (DsFi)             Turns: 23431, Time: 01:08:24

Health: -10/126    AC: 33    Str: 18    XL:     14   Next: 40%
Magic:  26/26      EV:  8    Int: 10    God:    Uskayaw [*****.]
Gold:   254        SH: 12    Dex: 16    Spells: 0 memorised, 13 levels left

rFire  . . .     SeeInvis .     g - +1 morningstar (protect)
rCold  + + .     Gourm    .     O - +0 plate armour of Chill Winds {rC+ Regen+ Slay+3}
rNeg   . . .     Faith    .     c - +1 shield
rPois  +         Spirit   .     j - +0 helmet of the Shore {rC+}
rElec  .         Dismiss  .     G - +1 cloak
rCorr  .         Reflect  .     y - +1 pair of gloves
SustAt .         Harm     .     (no boots)
MR     +....                    X - amulet of Vitality {Regen+ HP+15}
Stlth  ..........               x - ring of protection from magic
                                e - ring of poison resistance

@: vulnerable, sanguine armour, somewhat resistant to hostile enchantments,
extremely unstealthy
A: claws 2, foul stench 1, powered by pain 3, rot immunity, sanguine armour 2
a: Stomp, Line Pass, Grand Finale, Renounce Religion


You were on level 13 of the Dungeon.
You worshipped Uskayaw.
Uskayaw was most pleased with you.
You were not hungry.

You visited 3 branches of the dungeon, and saw 20 of its levels.
You also visited: Labyrinth.

You collected 1363 gold pieces.
You spent 1109 gold pieces at shops.

Inventory:

Hand Weapons
 g - a +1 morningstar of protection (weapon)
Armour
 c - a +1 shield (worn)
 j - the +0 helmet of the Shore (worn) {rC+}
   (You found it on level 5 of the Dungeon)

   It protects you from cold.
 o - a +2 plate armour of fire resistance
 y - a +1 pair of gloves (worn)
 G - a +1 cloak (worn)
 O - the +0 plate armour of Chill Winds (worn) {rC+ Regen+ Slay+3}
   (You bought it in a shop on level 8 of the Dungeon)

   It affects your accuracy and damage with ranged weapons and melee attacks
   (+3).
   It protects you from cold.
   It increases your rate of regeneration.
Jewellery
 b - an uncursed ring of protection from magic
 e - a ring of poison resistance (left hand)
 x - a ring of protection from magic (right hand)
 B - an uncursed ring of ice
 C - an uncursed ring of resist corrosion
 E - an uncursed ring of stealth
 H - a +5 amulet of reflection
 Q - an uncursed ring of protection from magic
 S - an uncursed ring of sustain attributes
 X - the amulet of Vitality (around neck) {Regen+ HP+15}
   (You found it in a labyrinth)

   [amulet of regeneration]

   It affects your health (+15).
   It increases your rate of regeneration.
 Y - an uncursed ring of positive energy
Wands
 v - a wand of disintegration (14/24)
 A - a wand of polymorph (14/24)
 D - a wand of enslavement (12/24)
 L - a wand of enslavement (10/24)
 R - a wand of lightning (7/15)
Scrolls
 a - 5 scrolls of recharging
 l - 3 scrolls of identify
 q - a scroll of remove curse
 w - 2 scrolls of fear
 F - a scroll of magic mapping
 M - a scroll of enchant armour
 T - 2 scrolls of fog
Potions
 d - 3 potions of brilliance
 h - 3 potions of mutation
 n - 2 potions of flight
 p - 4 potions of lignification
 r - a potion of ambrosia
 s - 3 potions of cancellation
 t - a potion of magic
 z - a potion of invisibility
 I - 2 potions of curing
 K - a potion of resistance
 N - 2 potions of agility
Books
 k - a book of Debilitation

   Spells                             Type                      Level
   a - Corona                         Hexes                        1
   b - Slow                           Hexes                        2
   c - Gell's Gravitas                Hexes/Translocation          3
   d - Inner Flame                    Hexes/Fire                   3
   e - Cause Fear                     Hexes                        4
   f - Leda's Liquefaction            Hexes/Earth                  4
Comestibles
 f - 8 bread rations
 u - 8 meat rations


   Skills:
 + Level 10.9 Fighting
 + Level 12.3 Maces & Flails
 - Level 8.4 Armour
 - Level 7.7 Dodging
 - Level 6.9 Shields
 - Level 16.5 Invocations


You had 13 spell levels left.
You didn't know any spells.

Dungeon Overview and Level Annotations

Branches:
Dungeon (13/15)            Temple (1/1) D:7            Lair (6/6) D:9
  Swamp (0/4) Lair:2        Snake (0/4) Lair:3        Slime (0/5) Lair:6
    Orc (0/2) D:9
 Vaults: D:13-14

Altars:
Ashenzari
Cheibriados
Dithmenos
Elyvilon
Fedhas
Gozag
Hepliaklqana
Kikubaaqudgha
Makhleb
Nemelex Xobeh
Okawaru
Pakellas
Qazlal
Ru
Sif Muna
Trog
Uskayaw
Vehumet
Xom
Yredelemnul
Zin
The Shining One
Jiyva

Shops:
D:7 =   D:8 *

Annotations:
D:12 exclusion: 2 oklob plants
Lair:6 exclusion: oklob plant


Innate Abilities, Weirdness & Mutations

You have very sharp fingernails.
You may emit foul miasma when damaged in melee.
You are powered by pain.
You are immune to rotting.
When seriously injured, your bleeding wounds create thick armour. (AC +9)


Message History

The freezing wraith is heavily damaged.
The freezing wraith hits you but does no damage. x2
The phantasmal warrior hits you.
* * * LOW HITPOINT WARNING * * *
You puncture the freezing wraith!
The freezing wraith is almost destroyed.
The freezing wraith hits you but does no damage. x2
You puncture the freezing wraith!
You destroy the freezing wraith!
The phantasmal warrior hits you!
* * * LOW HITPOINT WARNING * * *
You can now merge with and destroy a victim.
You fail to use your ability.
The phantasmal warrior hits you!
* * * LOW HITPOINT WARNING * * *
Your magical defenses are stripped away!
You closely miss the phantasmal warrior.
The phantasmal warrior is almost destroyed.
The phantasmal warrior is no longer sharing its pain.
The phantasmal warrior hits you!
You die...

........)........#
........)))......#
.......).).......#
.########........#
.########........#
.................#
.................#
##########.....W.#
#.#####@#
#.#####)#
#.......#
#.......#
#.......#
#.......#
##......# #...##.#
#... #.#


You could see a phantasmal warrior.

Vanquished Creatures
  Gastronok (Lair:3)
  The ghost of HAL9000 the Bludgeoner, a journeyman OgBe of Trog (Lair:6)
  Nessos (D:13)
  A minotaur (Lab)
  11 hydras
  Erolcha (D:11)
  A catoblepas (Lair:6)
  Fannar (D:11)
  A centaur warrior (D:13)
  2 death knights (D:13)
  2 death yaks
  Nergalle (D:10)
  An unseen horror (D:10)
  A skeletal warrior (D:13)
  A wizard (Lair:6)
  3 hill giants
  Pikel (D:6)
  4 griffons
  A deep elf mage (D:12)
  13 elephants
  An ugly thing (D:11)
  6 black mambas
  Joseph (D:8)
  Maurice (D:9)
  10 spiny frogs
  A freezing wraith (D:13)
  4 rime drakes
  6 komodo dragons
  2 trolls
  A polar bear (Lair:4)
  A merfolk (D:11)
  3 slime creatures (D:13)
  11 blink frogs
  2 wyverns
  14 hippogriffs
  17 yaks
  A wraith (D:13)
  A basilisk (Lair:1)
  2 hungry ghosts
  A soldier ant (D:13)
  The ghost of Shenda the Slasher, an amateur GrFi (D:3)
  4 nagas (Lair:3)
  13 water moccasins
  Duvessa (D:4)
  2 ice beasts
  8 porcupines
  3 black bears
  4 orc warriors
  4 sky beasts
  2 phantoms (D:4)
  2 eyes of draining (D:8)
  10 wolves
  5 centaurs
  4 ogres
  9 crocodiles
  A big kobold (D:10)
  9 giant frogs
  A wyvern zombie (D:10)
  Dowan (D:4)
  3 scorpions
  11 killer bees
  9 wights
  An electric eel (Lair:1)
  2 howler monkeys (D:10)
  6 crimson imps
  3 giant frog zombies
  A wasp zombie (D:7)
  A gnoll shaman (D:8)
  4 jellies
  3 centaur skeletons
  8 orc priests
  Ijyb (D:3)
  A hound (D:8)
  9 orc wizards
  Natasha (twice) (D:3)
  A giant frog skeleton (D:7)
  7 iguanas
  10 worker ants
  A killer bee zombie (D:7)
  12 sheep
  A hound zombie (D:5)
  A worker ant zombie (D:10)
  12 gnolls
  A howler monkey skeleton (D:6)
  71 river rats
  13 adders
  4 shadow imps
  An adder skeleton (D:3)
  A dart slug (D:3)
  8 giant geckos
  42 orcs
  A ball python (D:1)
  7 giant cockroaches
  10 goblins
  2 hobgoblins
  10 jackals
  5 quokkas
  4 bats
  2 giant gecko skeletons
  4 giant newts
  10 kobolds
  5 rats
530 creatures vanquished.

Vanquished Creatures (others)
  A slave (D:6)
  Grum (D:8)
  A water moccasin (D:6)
  A centaur (D:11)
  4 fungi
  2 plants
  A withered plant (D:9)
11 creatures vanquished.

Grand Total: 541 creatures vanquished

Notes
Turn   | Place    | Note
-------+----------+-------------------------------------------
     0 | D:1      | Ijustatesigmund the Demonspawn Fighter began the quest for the Orb.
     0 | D:1      | Reached XP level 1. HP: 18/18 MP: 1/1
   171 | D:1      | Reached skill level 1 in Dodging
   227 | D:1      | Gained mutation: When seriously injured, your bleeding wounds create armour. (AC +9) [demonic ancestry]
   227 | D:1      | Reached XP level 2. HP: 23/24 MP: 2/2
   571 | D:2      | Found a faded altar of an unknown god.
   868 | D:2      | Reached XP level 3. HP: 29/29 MP: 3/3
  1090 | D:2      | Found a hazy altar of Hepliaklqana.
  1154 | D:2      | Found an opulent altar of Gozag.
  1332 | D:3      | Noticed Shenda's ghost (amateur GrFi)
  1346 | D:3      | Killed Shenda's ghost
  1346 | D:3      | Reached XP level 4. HP: 21/37 MP: 4/4
  1346 | D:3      | Reached XP level 5. HP: 24/42 MP: 5/5
  1600 | D:3      | Found a shimmering altar of Xom.
  1612 | D:3      | Found a glowing silver altar of Zin.
  1613 | D:3      | Noticed an angel
  1623 | D:3      | Noticed Natasha
  1643 | D:3      | Killed Natasha
  1837 | D:3      | Noticed Ijyb
  1863 | D:3      | Killed Ijyb
  1998 | D:3      | Noticed Natasha
  2004 | D:3      | Killed Natasha
  2373 | D:3      | Gained mutation: You have sharp fingernails. [demonic ancestry]
  2373 | D:3      | Reached XP level 6. HP: 12/49 MP: 6/6
  3030 | D:4      | Reached skill level 5 in Fighting
  3370 | D:4      | Gained mutation: You sometimes gain a little power by taking damage. [demonic ancestry]
  3370 | D:4      | Reached XP level 7. HP: 54/56 MP: 7/7
  3405 | D:4      | Noticed Duvessa
  3405 | D:4      | Noticed Dowan
  3411 | D:5      | Entered Level 5 of the Dungeon
  3463 | D:5      | Noticed a hungry ghost
  3476 | D:5      | Killed a hungry ghost
  3657 | D:5      | Found a glowing golden altar of the Shining One.
  3700 | D:5      | Got a crude helmet
  3711 | D:5      | Identified the cursed +0 helmet of the Shore {rC+} (You found it on level 5 of the Dungeon)
  4369 | D:4      | Reached skill level 5 in Maces & Flails
  4498 | D:4      | Reached XP level 8. HP: 53/64 MP: 8/8
  4853 | D:4      | Reached skill level 5 in Dodging
  5102 | D:4      | Killed Duvessa
  5289 | D:4      | Found a sacrificial altar of Ru.
  5497 | D:4      | Killed Dowan
  5568 | D:6      | Noticed Pikel
  5599 | D:6      | Killed Pikel
  5665 | D:6      | Gained mutation: You are immune to rotting. [demonic ancestry]
  5665 | D:6      | Reached XP level 9. HP: 62/72 MP: 9/9
  6896 | D:7      | Upgraded the game from 0.19-a0-1013-g40768a3 to 0.19-a0-1019-g9c6a58d
  7044 | D:7      | Found Fusmebij's Jewellery Shop.
  7064 | D:7      | Bought a +5 amulet of reflection for 325 gold pieces
  7148 | D:7      | Found a staircase to the Ecumenical Temple.
  7199 | Temple   | Entered the Ecumenical Temple
  7527 | Temple   | Became a worshipper of Uskayaw the Reveler
  7591 | D:7      | Reached * piety under Uskayaw
  7628 | D:7      | Reached ** piety under Uskayaw
  7760 | D:7      | Found a white marble altar of Elyvilon.
  7831 | D:8      | Reached skill level 1 in Invocations
  7927 | D:8      | Reached *** piety under Uskayaw
  7931 | D:8      | Reached **** piety under Uskayaw
  8424 | D:8      | Reached skill level 2 in Invocations
  8554 | D:8      | Noticed Joseph
  8565 | D:8      | Killed Joseph
  8758 | D:8      | Found Tyth's Assorted Antiques.
  9070 | D:8      | Found a glowing silver altar of Zin.
  9112 | D:8      | Found a snail-covered altar of Cheibriados.
  9189 | D:8      | Reached skill level 3 in Invocations
  9193 | D:8      | Gained mutation: You sometimes gain power by taking damage. [demonic ancestry]
  9193 | D:8      | Reached XP level 10. HP: 82/82 MP: 12/12
  9197 | D:8      | Noticed Grum
  9201 | D:8      | Killed Grum
  9201 | D:8      | Reached ***** piety under Uskayaw
  9370 | D:9      | Noticed Maurice
  9520 | D:9      | Noticed a spiny frog
  9526 | D:9      | Noticed a death yak
  9528 | D:9      | Found a staircase to the Lair.
  9536 | D:9      | Killed Maurice
  9536 | D:9      | Reached skill level 5 in Armour
  9574 | D:8      | Killed a spiny frog
  9574 | D:8      | Reached skill level 5 in Shields
  9574 | D:8      | Reached skill level 4 in Invocations
  9705 | D:8      | Killed a death yak
  9705 | D:8      | Reached skill level 5 in Invocations
  9998 | D:9      | Found a staircase to the Orcish Mines.
 10104 | D:9      | Reached skill level 6 in Invocations
 10364 | D:9      | Found a blossoming altar of Fedhas.
 10365 | D:9      | Found an ancient bone altar of Kikubaaqudgha.
 10444 | D:10     | Entered Level 10 of the Dungeon
 10688 | D:10     | Got a bloodstained ring mail
 10756 | D:9      | Identified the +0 ring mail of True Grit {rElec MP-9 Int+8 Dex+4} (You found it on level 10 of the Dungeon)
 10914 | D:10     | Reached skill level 7 in Invocations
 10917 | D:10     | Gained mutation: You have very sharp fingernails. [demonic ancestry]
 10917 | D:10     | Reached XP level 11. HP: 80/90 MP: 7/16
 11019 | D:10     | Noticed Nergalle
 11067 | D:10     | Killed Nergalle
 11067 | D:10     | Reached skill level 10 in Fighting
 11532 | D:11     | Noticed Erolcha
 11546 | D:11     | Killed Erolcha
 11546 | D:11     | Reached skill level 8 in Invocations
 12249 | D:11     | Noticed a four-headed hydra
 12260 | D:11     | Killed a four-headed hydra
 12260 | D:11     | Reached skill level 9 in Invocations
 12511 | D:11     | Noticed Fannar
 12879 | D:11     | Killed Fannar
 13181 | D:11     | Noticed a white ugly thing
 13189 | D:11     | Killed a white ugly thing
 13189 | D:11     | Reached skill level 10 in Maces & Flails
 13189 | D:11     | Reached skill level 10 in Invocations
 13271 | D:12     | Noticed a hill giant
 13271 | D:12     | Noticed a hill giant
 13286 | D:12     | Killed a hill giant
 13293 | D:12     | Killed a hill giant
 13552 | D:12     | Found a blossoming altar of Fedhas.
 13555 | D:12     | Noticed an oklob plant
 13555 | D:12     | Noticed an oklob plant
 13943 | D:12     | Noticed a deep elf mage
 13950 | D:12     | Killed a deep elf mage
 13982 | D:12     | Noticed a five-headed hydra
 13990 | D:12     | Killed a five-headed hydra
 13990 | D:12     | Gained mutation: You may emit foul miasma when damaged in melee. [demonic ancestry]
 13990 | D:12     | Reached XP level 12. HP: 64/97 MP: 10/19
 14280 | D:13     | Noticed a death knight
 14572 | D:13     | Noticed a four-headed hydra
 14585 | D:13     | Killed a four-headed hydra
 14631 | D:13     | HP: 2/97 [mirror damage (4)]
 14637 | D:13     | Killed a death knight
 15100 | Lair:1   | Entered Level 1 of the Lair of Beasts
 16402 | Lair:2   | Found a staircase to the Swamp.
 17607 | D:8      | Bought a dazzling plate armour for 784 gold pieces
 17617 | D:8      | Identified the cursed +0 plate armour of Chill Winds {rC+ Regen+ Slay+3} (You bought it in a shop on level 8 of the Dungeon)
 17731 | Lair:3   | Noticed Gastronok
 17904 | Lair:3   | Found a staircase to the Snake Pit.
 17941 | Lair:3   | Killed Gastronok
 18522 | Lair:3   | Gained mutation: When seriously injured, your bleeding wounds create thick armour. (AC +9) [demonic ancestry]
 18522 | Lair:3   | Reached XP level 13. HP: 97/103 MP: 20/20
 18523 | Lair:3   | Reached ****** piety under Uskayaw
 19110 | Lair:4   | Reached skill level 11 in Invocations
 19637 | Lair:5   | Reached skill level 12 in Invocations
 19940 | Lair:5   | Reached skill level 13 in Invocations
 20346 | Lair:6   | Entered Level 6 of the Lair of Beasts
 20372 | Lair:6   | Reached skill level 14 in Invocations
 20406 | Lair:6   | Noticed HAL9000's ghost (journeyman OgBe)
 20409 | Lair:6   | Found a staircase to the Slime Pits.
 20409 | Lair:6   | Found a viscous altar of Jiyva.
 20434 | Lair:6   | Found a labyrinth entrance.
 20454 | Lab      | Entered a labyrinth
 20636 | Lab      | Noticed a minotaur
 20655 | Lab      | Killed a minotaur
 20660 | Lab      | Got a translucent bone amulet
 20668 | Lab      | Identified the amulet "Diseruk" {Dismiss *Drain +Inv rN+ Dex+8} (You found it in a labyrinth)
 20835 | Lair:6   | Found a radiant altar of Vehumet.
 20863 | Lair:6   | Reached skill level 15 in Invocations
 21319 | Lair:6   | Found a blossoming altar of Fedhas.
 21397 | Lair:6   | Reached skill level 16 in Invocations
 21400 | Lair:6   | Gained mutation: You are powered by pain. [demonic ancestry]
 21400 | Lair:6   | Reached XP level 14. HP: 94/110 MP: 24/26
 21636 | Lair:6   | Killed HAL9000's ghost
 21851 | Lair:6   | Found a burning altar of Makhleb.
 22810 | D:13     | Noticed Nessos
 22935 | D:13     | Killed Nessos
 23430 | D:13     | HP: 1/126 [phantasmal warrior[a death knight] (11)]
 23431 | D:13     | Mangled by a phantasmal warrior

Vault maps used:
D:1:      lightli_molten_gateway, serial_bayou_crossing
D:2:      lemuel_doored_altar, overflow_temple_1_default, first_bread,
          ecumenical_altar_1
D:3:      grunt_temple_overflow_order_and_chaos_1, uniq_natasha, uniq_iyjb
D:4:      lemuel_coloured_pillars_altar, uniq_duvessa
D:5:      nicolae_tso_swordbearing_angel, serial_glass, glass_columns_b,
          glass_columns_a, minmay_misc_feat_tiny
D:6:      uniq_pikel
D:7:      lemuel_round_altar, serial_shops, shop
D:8:      kennysheep_little_box, serial_shops, shop, basic_altar, uniq_grum,
          uniq_joseph
D:9:      grunt_temple_overflow_growth_and_decay, dpeg_lair_monsters,
          orc_0_dummy, uniq_maurice
D:10:     uniq_nergalle
D:11:     hangedman_fish_farm, uniq_fannar, uniq_erolcha
D:12:     hangedman_tree_tricks
D:13:     kennysheep_flooded_box, hex_medium, uniq_nessos
Temple:   minmay_temple_forest_path
Lair:1:   grunt_forest_small_clearing_treed, serial_bayou_shore_a
Lair:2:   swamp_mist_pool, infiniplex_staircase_pool
Lair:3:   minmay_snake_entry_guardpost_small, lemuel_fruit_tree,
          grunt_megastairs_5, serial_bayou_shore_b, serial_bayou_shore_b,
          infiniplex_staircase_pool_2, uniq_gastronok
Lair:4:   st_stairs_9, small_statue_intersection, roderic_lost_polar_bear,
          bh_autumn_forest_stairs, grunt_megastairs_1, serial_bayou_shore_b
Lair:5:   minivault_24
Lair:6:   evil_forest, slime_altar_1, lab_entry_generic, basic_altar, tgw_fedhas

Skill      XL: |  1  2  3  4  5  6  7  8  9 10 11 12 13 14 |
---------------+-------------------------------------------+-----
Dodging        | 1 2 3 4 6 7 |  7.7
Maces & Flails | 2 3 4 5 6 7 8 10 11 12 | 12.3
Fighting       | 4 5 6 7 8 9 10 | 10.9
Shields        | 4 5 6 |  6.9
Armour         | 4 5 8 |  8.4
Invocations    | 3 7 10 16 | 16.5

Action                   |  1- 3 |  4- 6 |  7- 9 | 10-12 | 13-15 || total
-------------------------+-------+-------+-------+-------+-------++-------
Melee: Flail             |   100 |   157 |   462 |       |       ||   719
       Morningstar       |       |       |    91 |  1038 |   769 ||  1898
       Mace              |       |       |    48 |       |       ||    48
Invok: Stomp             |       |       |     3 |     2 |     1 ||     6
  Use: Potion            |     1 |     5 |     3 |     3 |     8 ||    20
       Scroll            |       |     1 |    16 |    15 |    11 ||    43
 Stab: Paralysed         |       |       |     3 |    44 |    63 ||   110
       Sleeping          |       |       |     1 |     1 |       ||     2
       Invisible         |       |       |       |     5 |       ||     5
  Eat: Fruit             |       |     4 |     2 |       |    11 ||    17
       Chunk             |       |     2 |     9 |    19 |     8 ||    38
       Bread ration      |       |     1 |     2 |     2 |       ||     5
       Beef jerky        |       |     1 |       |     1 |     1 ||     3
       Pizza             |       |       |     1 |     3 |     2 ||     6
Armor: Chain mail        |    63 |    31 |       |       |       ||    94
       Scale mail        |     4 |       |       |       |       ||     4
       Leather armour    |       |    36 |   154 |    42 |       ||   232
       Ring mail         |       |       |       |   194 |       ||   194
       Plate armour      |       |       |       |    66 |   602 ||   668
Dodge: Dodged            |    25 |    50 |   331 |   407 |   271 ||  1084
Block: Shield            |    48 |    77 |   367 |   889 |   786 ||  2167
       Reflection        |       |       |     1 |    28 |     1 ||    30
